 Dungeon Crawl Stone Soup version 0.29.1-4-g47bece8355 (webtiles) character file.

Game seed: 5048549761038290047

9886 GigaChad the Cleaver (level 11, -6/95 HPs)
             Began as a Minotaur Fighter on Dec 8, 2022.
             Was an Initiate of Yredelemnul.
             Mangled by a 12-headed hydra (9 damage)
             ... on level 2 of the Lair of Beasts.
             The game lasted 00:15:54 (10480 turns).

GigaChad the Cleaver (Minotaur Fighter)            Turns: 10480, Time: 00:15:55

Health: -6/95      AC: 22    Str: 28    XL:     11   Next: 28%
Magic:  10/10      EV:  8    Int: 12    God:    Yredelemnul [......]
Gold:   620        SH:  5    Dex: 10    Spells: 10/10 levels left

rFire   x . .      SeeInvis +   a - +0 war axe (venom)
rCold   + . .      Faith    .   c - +0 buckler
rNeg    . . .      Spirit   .   u - +0 plate armour
rPois   +          Reflect  .   y - +3 crown of Dyrovepreva {rElec Int+2 SInv}
rElec   +          Harm     .   (no cloak)
rCorr   .          Rampage  .   (no gloves)
Will    .....                   (no boots)
Stlth   ..........              E - amulet of the acrobat
HPRegen 0.25/turn               q - +4 ring of protection
MPRegen 0.12/turn               G - ring of Moifeviy {Ice rPois Str+3 Int+5}

@: no status effects
A: horns 2, retaliatory headbutt
a: Renounce Religion, Recall Undead Harvest


You were on level 2 of the Lair of Beasts.
You worshipped Yredelemnul.
Yredelemnul was noncommittal.
You visited 3 branches of the dungeon, and saw 11 of its levels.

You collected 620 gold pieces.

Inventory:

Hand Weapons
 a - a +0 war axe of venom (weapon)
 x - a +3 spear of venom
Missiles
 D - a throwing net
Armour
 b - a +0 scale mail
 c - a +0 buckler (worn)
 u - a +0 plate armour (worn)
 y - the +3 crown of Dyrovepreva (worn) {rElec Int+2 SInv}
   (You found it on level 7 of the Dungeon)

   Int:       It affects your intelligence (+2).
   rElec:     It insulates you from electricity.
   SInv:      It lets you see invisible.
Jewellery
 n - a ring of resist corrosion
 q - a +4 ring of protection (left hand)
 r - a ring of protection from cold
 E - an amulet of the acrobat (around neck)
 F - an amulet of magic regeneration
 G - the ring of Moifeviy (right hand) {Ice rPois Str+3 Int+5}
   (You found it on level 1 of the Lair of Beasts)

   [ring of ice]

   It enhances your ice magic.
   Str:       It affects your strength (+3).
   Int:       It affects your intelligence (+5).
   rF:        It makes you vulnerable to fire.
   rC:        It protects you from cold.
   rPois:     It protects you from poison.
Wands
 t - a wand of flame (33) (quivered)
 C - a wand of polymorph (11)
Scrolls
 f - 10 scrolls of identify {unknown}
 g - 2 scrolls of fear
 h - 2 scrolls of poison
 j - 2 scrolls of brand weapon
 p - a scroll of amnesia
 s - a scroll of teleportation
 v - 4 scrolls of enchant weapon {unknown}
Potions
 d - 2 potions of might
 e - 4 potions of curing {unknown}
 i - 2 potions of resistance {unknown}
 k - 2 potions of degeneration {unknown}
 l - a potion of mutation {unknown}
 m - 2 potions of brilliance {unknown}
 o - 2 potions of lignification {unknown}
 w - 2 potions of flight {unknown}
 z - a potion of magic {unknown}
 A - a potion of cancellation {unknown}
 B - a potion of haste {unknown}


   Skills:
 + Level 8.5 Fighting
 + Level 13.3 Axes
 + Level 12.8 Armour
 + Level 3.4 Dodging
 + Level 2.0 Stealth
 + Level 7.1 Shields
 + Level 1.2 Invocations


You had 10 spell levels left.
You didn't know any spells.
Your spell library contained the following spells:

 Spells                   Type           Power      Damage    Failure   Level
 Sandblast                Erth           0%         2d4       96%         1
 Slow                     Hex            0%         N/A       96%         1
 Passwall                 Tmut/Erth      0%         N/A       99%         2
 Static Discharge         Conj/Air       0%         3-3/arc   99%         2
 Confusing Touch          Hex            0%         N/A       100%        3
 Frozen Ramparts          Ice            0%         1d1       100%        3
 Ozocubu's Armour         Ice            0%         N/A       100%        3
 Stone Arrow              Conj/Erth      0%         3d7       100%        3
 Vampiric Draining        Necr           0%         2d6       100%        3
 Dispel Undead            Necr           0%         3d6       100%        4
 Ice Form                 Ice/Tmut       0%         N/A       100%        4
 Sticky Flame             Conj/Fire      0%         2d3       100%        4
 Summon Ice Beast         Ice/Summ       0%         N/A       100%        4
 Yara's Violent Unravell  Hex/Tmut       0%         3d3       100%        5
 Enfeeble                 Hex            0%         N/A       100%        7
 Ozocubu's Refrigeration  Ice            0%         4d7       100%        7


Dungeon Overview and Level Annotations

Branches:
Dungeon (8/15)             Temple (1/1) D:4            Lair (2/5) D:8
  Swamp: Lair:2-3    Shoals: Lair:2-3     Snake: Lair:2-3    Spider: Lair:2-3

Altars:
Ashenzari
Cheibriados
Dithmenos
Elyvilon
Fedhas
Gozag
Hepliaklqana
Kikubaaqudgha
Makhleb
Nemelex Xobeh
Okawaru
Qazlal
Ru
Sif Muna
Trog
Uskayaw
Vehumet
Wu Jian
Xom
Yredelemnul
Zin
The Shining One

Shops:
D:5 *


Innate Abilities, Weirdness & Mutations

You have a pair of horns on your head.
You reflexively headbutt those who attack you in melee.


Message History

You headbutt the ten-headed hydra.
The ten-headed hydra is heavily wounded.
You chop one of the ten-headed hydra's heads off!
The nine-headed hydra grows two more!
You slash the 11-headed hydra!
The 11-headed hydra is heavily wounded.
The 11-headed hydra bites you but does no damage.
The 11-headed hydra barely misses you.
The 11-headed hydra bites you but does no damage.
The 11-headed hydra barely misses you. The 11-headed hydra closely misses you.
The 11-headed hydra barely misses you.
The 11-headed hydra bites you but does no damage. x2
The 11-headed hydra bites you.
* * * LOW HITPOINT WARNING * * *
The 11-headed hydra bites you but does no damage. x2
You lop one of the 11-headed hydra's heads off!
The ten-headed hydra grows two more!
You hit the 12-headed hydra.
The 12-headed hydra looks as sick as possible!
The 12-headed hydra is heavily wounded.
The 12-headed hydra bites you but does no damage. x2
The 12-headed hydra barely misses you.
The 12-headed hydra bites you but does no damage.
The 12-headed hydra closely misses you.
The 12-headed hydra bites you but does no damage.
You block the 12-headed hydra's attack. The 12-headed hydra bites you!
* * * LOW HITPOINT WARNING * * *
The 12-headed hydra bites you but does no damage. x2
The 12-headed hydra bites you!
* * * LOW HITPOINT WARNING * * *
The 12-headed hydra closely misses you. The 12-headed hydra misses you.
You furiously retaliate!
You headbutt the 12-headed hydra. The 12-headed hydra bites you.
* * * LOW HITPOINT WARNING * * *
You block the 12-headed hydra's attack.
The 12-headed hydra bites you but does no damage.
The 12-headed hydra bites you.
* * * LOW HITPOINT WARNING * * *
The 12-headed hydra bites you but does no damage.
The 12-headed hydra bites you!
You die...
Your body rises from the dead as a mindless zombie.

### ####.###
#.@D...#
#####.## #..#
#.##
.......D.......
.#.PP....####.k
#.#...#.#
....... #.
...Y.. ..


You could see a 12-headed hydra (extremely poisoned).

Vanquished Creatures
  A boulder beetle (Lair:2)
  A two-headed ogre (D:8)
  An elephant (D:8)
  A komodo dragon (Lair:1)
  A rime drake (Lair:2)
  Grinder (D:3)
  Prince Ribbit (D:5)
  17 yaks
  2 wyverns
  2 basilisks (D:8)
  2 steam dragons (D:6)
  4 water moccasins
  An orc warrior (D:7)
  An ice beast (D:6)
  3 black bears
  2 wolves (Lair:1)
  A centaur (D:6)
  A phantom (D:5)
  A kobold brigand (D:7)
  2 necrophages
  5 scorpions
  A gnoll sergeant (D:8)
  3 bullfrogs
  An electric eel (D:6)
  A howler monkey (D:8)
  A jelly (D:7)
  A hound (D:4)
  2 gnoll boudas
  2 orc priests (D:7)
  2 orc wizards (D:6)
  19 gnolls
  6 adders
  A shadow imp (D:7)
  3 white imps (D:7)
  2 ufetubi
  A worm (D:5)
  A dart slug (D:2)
  11 orcs
  4 ball pythons
  5 endoplasms
  2 giant cockroaches
  2 hobgoblins
  2 bats (D:2)
  A frilled lizard (D:1)
  5 goblins
  8 kobolds
  6 rats
144 creatures vanquished.

Vanquished Creatures (collateral kills)
  A cane toad (Lair:1)
  5 yaks
  A water moccasin (D:6)
  An ogre (D:5)
  2 wolves (Lair:1)
  3 necrophages
  A jelly (D:4)
  Jessica (D:3)
  An iguana (D:6)
  An adder (D:5)
  2 gnolls
  2 dart slugs
  An endoplasm (D:2)
  A giant cockroach (D:2)
  A hobgoblin (D:2)
  A ball python (D:4)
  A frilled lizard (D:2)
  6 kobolds
  A rat (D:3)
33 creatures vanquished.

Vanquished Creatures (others)
  An elephant zombie (D:8)
  A rime drake zombie (Lair:2)
  A water moccasin zombie (D:7)
  4 yak zombies
  An adder zombie (D:6)
  A bat zombie (D:2)
  3 gnoll zombies
  4 kobold zombies (D:7)
  An orc zombie (D:6)
  2 spectral ufetubi
  A demonic plant (D:1)
  8 fungi
  28 plants
56 creatures vanquished.

Grand Total: 233 creatures vanquished

Notes
Turn   | Place    | Note
-------+----------+-------------------------------------------
     0 | D:1      | GigaChad the Minotaur Fighter began the quest for the Orb.
     0 | D:1      | Reached XP level 1. HP: 19/19 MP: 0/0
   560 | D:1      | Reached XP level 2. HP: 27/27 MP: 1/1
   588 | D:1      | Found a faded altar of an unknown god.
   588 | D:1      | Noticed a smoke demon
   598 | D:1      | Prayed at the altar of an unknown god.
   598 | D:1      | Became a worshipper of Yredelemnul the Dark
   598 | D:1      | Reached * piety under Yredelemnul
   791 | D:2      | Reached XP level 3. HP: 13/33 MP: 2/2
  1458 | D:2      | Reached ** piety under Yredelemnul
  1514 | D:3      | Noticed Grinder
  1519 | D:3      | Killed Grinder
  1520 | D:3      | Reached skill level 4 in Axes
  1520 | D:3      | Reached skill level 5 in Armour
  1520 | D:3      | Reached XP level 4. HP: 29/41 MP: 3/3
  1520 | D:3      | Reached XP level 5. HP: 33/47 MP: 4/4
  1730 | D:3      | Reached skill level 5 in Axes
  1730 | D:3      | Reached XP level 6. HP: 53/53 MP: 5/5
  2145 | D:3      | Noticed Jessica
  2151 | D:3      | Killed Jessica
  2616 | D:4      | Found a staircase to the Ecumenical Temple.
  2635 | Temple   | Entered the Ecumenical Temple
  2906 | D:4      | Found a bloodstained altar of Trog.
  3141 | D:4      | Reached XP level 7. HP: 57/60 MP: 6/6
  3386 | D:5      | Entered Level 5 of the Dungeon
  3607 | D:5      | Found Cogeqao's Fire Supplies.
  3613 | D:5      | Reached skill level 6 in Axes
  3613 | D:5      | Reached skill level 1 in Dodging
  3659 | D:5      | Reached skill level 5 in Fighting
  3659 | D:5      | Reached skill level 5 in Shields
  3746 | D:5      | Found a glowing silver altar of Zin.
  3958 | D:5      | Noticed Prince Ribbit
  3965 | D:5      | Killed Prince Ribbit
  4141 | D:5      | Reached skill level 7 in Axes
  4141 | D:5      | Reached XP level 8. HP: 69/69 MP: 7/7
  5084 | D:6      | Reached skill level 8 in Axes
  5324 | D:6      | Reached *** piety under Yredelemnul
  5324 | D:6      | Reached skill level 1 in Stealth
  5563 | D:6      | Reached XP level 9. HP: 75/75 MP: 8/8
  5893 | D:7      | Reached skill level 9 in Axes
  6171 | D:7      | Found the +3 crown of Dyrovepreva {rElec Int+2 SInv}
  6182 | D:7      | Reached skill level 1 in Invocations
  6251 | D:7      | Found a glowing golden altar of the Shining One.
  7087 | D:8      | Noticed an elephant
  7089 | D:8      | Found a staircase to the Lair.
  7101 | D:8      | Killed an elephant
  7102 | D:8      | Reached skill level 10 in Axes
  7687 | D:8      | Reached skill level 10 in Armour
  7826 | D:8      | Found a snail-covered altar of Cheibriados.
  7847 | D:8      | Noticed a two-headed ogre
  7854 | D:8      | Killed a two-headed ogre
  7855 | D:8      | Reached skill level 11 in Axes
  7855 | D:8      | Reached XP level 10. HP: 57/86 MP: 9/9
  8102 | D:8      | Found a shimmering blue altar of Sif Muna.
  8574 | Lair:1   | Entered Level 1 of the Lair of Beasts
  8592 | Lair:1   | Identified the ring of Moifeviy {Ice rPois Str+3 Int+5}
  8739 | Lair:1   | Noticed a cane toad
  8745 | Lair:1   | Killed a cane toad
  9060 | Lair:1   | Reached skill level 12 in Axes
  9066 | Lair:1   | Reached **** piety under Yredelemnul
  9307 | Lair:1   | Identified the +8 dagger of Durable Conscience {venom,
                  | Int+4}
  9355 | Lair:1   | Reached ***** piety under Yredelemnul
  9540 | Lair:2   | Noticed a boulder beetle
  9574 | Lair:2   | Reached XP level 11. HP: 67/94 MP: 10/10
  9944 | Lair:2   | Killed a boulder beetle
  9945 | Lair:2   | Reached skill level 13 in Axes
  9996 | Lair:2   | Noticed a six-headed hydra
 10480 | Lair:2   | HP: 4/95 [12-headed hydra (6)]
 10480 | Lair:2   | Mangled by a 12-headed hydra

Illustrated notes

Levels and vault maps discovered:
D:1:      matt_arrival_spirals, layout_basic,
          dreamdust_ecumenical_altar_sealed_demon
D:2:      layout_basic
D:3:      layout_loops_corners, chequers_serial_rivers_marsh,
          mrwooster_statue_mirror, uniq_grinder, uniq_jessica
D:4:      layout_loops_cross, lightli_temple_of_fire, minmay_temple_entry_arrows
D:5:      layout_basic, mainiacjoe_overflow_alcove_4, interstate_on_off,
          nicolae_shop_fire_sale [nicolae_sub_dead_trees], minivault_4,
          uniq_prince_ribbit1
D:6:      layout_gridville, st_stairs_10, serial_bayou_lagoon_a,
          kennysheep_generic_room_13
D:7:      layout_basic, mainiacjoe_overflow_six_doors_small
D:8:      layout_loops_corners, kennysheep_slug_shrine,
          mainiacjoe_overflow_chevrons, david_lair_generic
Temple:   eino_temple_scatter_basement
Lair:1:   layout_regular_city, lemuel_fruit_tree
Lair:2:   layout_loops_ring, guppyfry_snake_entry_garden, lemuel_centaur_altar

Skill      XL: |  1  2  3  4  5  6  7  8  9 10 11 |
---------------+----------------------------------+-----
Armour         | 4 5 6 7 8 10 12 | 12.8
Shields        | 4 5 6 7 |  7.1
Fighting       | 4 5 6 7 8 |  8.5
Axes           | 4 5 7 8 11 12 13 | 13.3
Dodging        | 1 3 |  3.4
Stealth        | 1 2 |  2.0
Invocations    | 1 |  1.2

Action                   |  1- 3 |  4- 6 |  7- 9 | 10-12 || total
-------------------------+-------+-------+-------+-------++-------
Melee: War axe           |    46 |    32 |   222 |   134 ||   434
       Headbutt          |     8 |     3 |    39 |    33 ||    83
Invok: Recall Undead Har |       |       |     1 |       ||     1
  Use: Scroll            |       |     5 |     2 |     2 ||     9
 Stab: Distracted        |       |       |     3 |       ||     3
Armor: Scale mail        |    28 |    12 |    70 |       ||   110
       Plate armour      |       |       |    88 |    81 ||   169
Dodge: Dodged            |    30 |    21 |   108 |    71 ||   230
Block: Buckler           |    15 |    11 |    54 |    51 ||   131
